 Dungeon Crawl Stone Soup version 0.29-a0-757-g358383bc75 (webtiles) character file.

Game seed: 17193417146544319482

175 RancidPinata the Cudgeller (level 5, -2/33 HPs)
             Began as a Gargoyle Gladiator on June 30, 2022.
             Splashed by a jelly's acid (8 damage)
             ... on level 4 of the Dungeon.
             The game lasted 00:04:37 (1726 turns).

RancidPinata the Cudgeller (Gargoyle Gladiator)     Turns: 1726, Time: 00:04:38

Health: -2/33      AC:  7    Str: 19    XL:     5   Next: 55%
Magic:  5/5        EV: 11    Int:  9    God:
Gold:   16         SH:  0    Dex: 11    Spells: 4/4 levels left

rFire   . . .      SeeInvis .   a - +0 flail
rCold   + . .      Faith    .   (no shield)
rNeg    + . .      Spirit   .   j - +1 ring mail of Patterns {rC+}
rPois   ∞          Reflect  .   c - +0 helmet
rElec   +          Harm     .   (no cloak)
rCorr   .          Rampage  .   (no gloves)
Will    .....                   (no boots)
Stlth   +.........              (no amulet)
HPRegen 0.11/turn               (no ring)
MPRegen 0.09/turn               (no ring)

@: corroded
A: sickness immunity, AC +4, negative energy resistance 1, electricity
resistance, torment resistance 1, petrification resistance
a: no special abilities


You were on level 4 of the Dungeon.
You visited 1 branch of the dungeon, and saw 5 of its levels.

You collected 76 gold pieces.
You spent 60 gold pieces at shops.

Inventory:

Hand Weapons
 a - a +0 flail (weapon)
Missiles
 d - 3 throwing nets (quivered)
 e - a javelin
Armour
 c - a +0 helmet (worn)
 j - the +1 ring mail of Patterns (worn) {rC+}
   (You found it on level 4 of the Dungeon)

   rC:        It protects you from cold.
Scrolls
 b - 2 scrolls of fear
 f - a scroll of teleportation {unknown}
 g - a scroll of enchant armour {unknown}
 h - a scroll of silence {unknown}
 i - 2 scrolls of blinking {unknown}
 k - a scroll of noise {unknown}
 m - a scroll of identify
Potions
 l - a potion of curing {unknown}


   Skills:
 * Level 3.7 Fighting
 * Level 4.1 Maces & Flails
 + Level 2.4 Throwing
 + Level 1.8 Armour
 + Level 2.9 Dodging


You had 4 spell levels left.
You didn't know any spells.
Your spell library was empty.

Dungeon Overview and Level Annotations

Branches:
Dungeon (5/15)
 Temple: D:4-7

Altars:

Shops:
D:4 ?!


Innate Abilities, Weirdness & Mutations

You are immune to sickness and miasma.
Your stone body is resilient. (AC +4)
You are immune to poison.
You resist negative energy. (rN+)
You are resistant to electric shocks. (rElec)
You are resistant to unholy torment.
You are immune to petrification.


Message History

You hit the endoplasm.
You kill the endoplasm!
You hit the dart slug.
The dart slug is moderately wounded.
The dart slug bites you but does no damage.
You thump the dart slug!
You kill the dart slug!
The scorpion stings you but does no damage.
You hit the scorpion.
The scorpion is moderately wounded.
The scorpion misses you. The scorpion closely misses you.
You hit the scorpion.
The scorpion is heavily wounded.
The scorpion stings you but does no damage.
You barely miss the scorpion.
The scorpion is heavily wounded.
The scorpion barely misses you. The jelly hits you but does no damage.
The scorpion barely misses you.
You hit the scorpion.
The scorpion is severely wounded.
The jelly hits you. The acid corrodes you!
You are splashed with acid!
The scorpion closely misses you.
You sock the jelly!
Your hands burn!
The jelly is moderately wounded.
The scorpion closely misses you. The jelly barely misses you.
You hit the jelly.
Your hands burn!
The jelly is heavily wounded.
The scorpion barely misses you. The jelly hits you but does no damage.
The scorpion closely misses you. The scorpion attacks as you move away!
The scorpion stings you. The jelly hits you but does no damage.
The scorpion attacks as you move away! The scorpion stings you.
The scorpion closely misses you.
You hit the jelly.
Your hands burn!
* * * LOW HITPOINT WARNING * * *
The jelly is heavily wounded.
The jelly hits you.
* * * LOW HITPOINT WARNING * * *
You are splashed with acid!
You die...

................##....o##...#...
........#..#....#.......#...##..
.#......#.###...#..w.J.og...##..
######...# #...#.....os#..[####
##..# #...##.....##...# #
#..###...###...# #...#
##..#.....###### #...#
#...#...#......####...#
#..∩...##@#......##...+ ###
##.....###J##...J.##...#
.....#......#..s##......#...#
..!...........#.####........#
................################
...............##?..<.<.h.sJ.o..
..............##......##l#o###o#
............................[...
.........................≈≈≈≈≈..


You could see a scorpion and a jelly.

Vanquished Creatures
  A scorpion (D:3)
  2 hounds
  An iguana (D:3)
  An adder (D:3)
  A white imp (D:5)
  A worm (D:3)
  A dart slug (D:4)
  5 bats
  3 endoplasms
  A giant cockroach (D:3)
  2 goblins (D:2)
  A kobold (D:3)
20 creatures vanquished.

Notes
Turn   | Place    | Note
-------+----------+-------------------------------------------
     0 | D:1      | RancidPinata the Gargoyle Gladiator began the quest for the
                  | Orb.
     0 | D:1      | Reached XP level 1. HP: 12/12 MP: 1/1
     6 | D:1      | Noticed a redback
     6 | D:1      | Noticed an iguana
     6 | D:1      | Noticed a wolf
     7 | D:1      | Noticed a water moccasin
     7 | D:1      | Noticed a swamp drake
   237 | D:3      | Reached XP level 2. HP: 6/18 MP: 2/2
   481 | D:4      | Found Guaho's Magic Scroll Emporium.
   492 | D:4      | Reached skill level 1 in Armour
   492 | D:4      | Reached XP level 3. HP: 16/22 MP: 3/3
   511 | D:4      | Identified the +1 ring mail of Patterns {rC+}
   526 | D:4      | Noticed a scorpion
   949 | D:3      | Noticed a scorpion
   971 | D:3      | Killed a scorpion
   972 | D:3      | Reached XP level 4. HP: 12/28 MP: 4/4
  1391 | D:3      | You fall into a shaft and drop 2 floors!
  1391 | D:5      | Entered Level 5 of the Dungeon
  1425 | D:5      | Noticed an ogre
  1427 | D:5      | Reached XP level 5. HP: 32/32 MP: 5/5
  1468 | D:4      | Bought a scroll of fear for 38 gold pieces
  1468 | D:4      | Bought a scroll of identify for 22 gold pieces
  1470 | D:4      | Found Giso Uwe's Distillery.
  1503 | D:3      | Reached skill level 4 in Maces & Flails
  1726 | D:4      | Splashed by a jelly's acid

Illustrated notes

Levels and vault maps discovered:
D:1:      onia_arrival_zoo_common, layout_basic, st_stairs_2
D:2:      layout_loops_cross
D:3:      minmay_angry_zag, layout_loops_corners
D:4:      minmay_opposing_rooms, layout_rooms, temple_pool_b, serial_shops,
          shop, kennysheep_little_box, shop, cheibrodos_sewer_entry_drain
D:5:      layout_loops_ring, zin_scriptorium, hellmonk_ghost_happy_afterlife

Skill      XL: |  1  2  3  4  5 |
---------------+----------------+-----
Throwing       | 2 |  2.4
Armour         | 1 |  1.8
Fighting       | 3 |  3.7
Maces & Flails | 4 |  4.1
Dodging        | |  2.9

Action                   |  1- 3 |  4- 6 || total
-------------------------+-------+-------++-------
Melee: Flail             |    65 |    42 ||   107
       Punch             |     2 |       ||     2
Armor: Leather armour    |    12 |       ||    12
       Ring mail         |    34 |    38 ||    72
Dodge: Dodged            |    64 |    47 ||   111

Table legend: (Time is in decaauts)
 A = Elapsed time spent in this place.
 B = Non-inter-level travel time spent in this place.
 C = Inter-level travel time spent in this place.
 D = Time resting spent in this place.
 E = Time spent auto-exploring this place.
 F = Levels seen in this place.
 G = Mean time per level.
                   A        B        C        D        E       F      G
               +--------+--------+--------+--------+--------+-----+--------+
         Total |   1749 |   1749 |      0 |    933 |    323 |   5 |  349.8 |
       Dungeon |   1749 |   1749 |      0 |    933 |    323 |   5 |  349.8 |
               +--------+--------+--------+--------+--------+-----+--------+

Top non-repeatable levels by time:
     D:3: 1278 daAuts
     D:4: 176 daAuts
     D:2: 166 daAuts
     D:1: 64 daAuts
     D:5: 63 daAuts
